Map: Cactus Valley LE (Void)

Players

Toast - Winner!

  • Race: Terran Terran
  • League: Master
  • Spawn Location: 11:00

imratchetkqt

  • Race: Zerg Zerg
  • League: Diamond
  • Spawn Location: 7:00

VOD

https://www.youtube.com/upload

Description

Time

  • Played on: Feb. 19, 2017, 1:10 a.m.
  • Length: 11:54
Show
View Real Time Build Order
Export as new Build Order

Toast Terran - Winner!

Build Orders: Reaper Expand, MMM Bio 

Get SALT Encoding   

  12  0:01  SCV  
  13  0:13  SCV  
  14  0:19  Supply Depot  
  14  0:26  SCV  
  14  0:28  Refinery  
  15  0:41  SCV  
  16  0:46  Barracks  
  16  0:53  SCV  
  17  1:05  SCV  
  18  1:17  SCV  
  19  1:35  Orbital Command, Reaper  
  20  1:47  Command Center  
  20  1:59  Factory  
  20  2:03  SCV  
  20  2:07  Barracks Reactor  
  21  2:15  SCV, Supply Depot  
  22  2:20  Refinery  
  22  2:27  SCV  
  23  2:39  SCV  
  24  2:51  SCV  
  24  2:57  Barracks Tech Lab  
  24  2:58  Hellion x2  
  28  2:59  Orbital Command  
  28  3:03  SCV  
  29  3:15  SCV, Marine  
  29  3:16  Stimpack  
  29  3:19  Hellion x2  
  35  3:24  Starport  
  35  3:25  SCV  
  36  3:27  SCV  
  36  3:33  Marine  
  38  3:40  SCV x2  
  38  3:41  Supply Depot  
  40  3:51  Marine  
  40  3:52  SCV  
  40  3:53  SCV, Factory Reactor  
  42  3:58  Barracks  
  42  4:04  Starport Reactor  
  42  4:05  SCV x2, Medivac  
  46  4:10  Barracks  
  46  4:13  Supply Depot  
  46  4:16  Marine  
  46  4:17  SCV  
  48  4:21  SCV  
  49  4:29  SCV  
  50  4:34  Marine  
  50  4:38  Factory Reactor  
  43  4:40  SCV, Supply Depot  
  43  4:41  SCV  
  45  4:47  Engineering Bay  
  45  4:49  Marine x2, Engineering Bay  
  45  4:50  Starport Reactor  
  45  4:52  SCV  
  48  4:53  SCV  
  49  5:04  SCV  
  49  5:05  Marine x3, SCV  
  49  5:06  Marine x2  
  55  5:14  Terran Infantry Weapons Level 1  
  56  5:16  SCV, Terran Infantry Armor Level 1  
  56  5:17  SCV  
  56  5:19  Widow Mine x2, Supply Depot  
  62  5:22  Combat Shields  
  62  5:26  Marine x3  
  65  5:28  SCV  
  65  5:32  SCV, Marine x2  
  53  5:40  SCV  
  51  5:44  Marine x3  
  29  5:50  Marine x2  
  30  6:02  Marine x2  
  32  6:05  Marine  
  32  6:08  SCV, Marine  
  35  6:14  Medivac  
  25  6:26  Marine x2  
  25  6:28  SCV  
  28  6:33  SCV  
  29  6:42  Marine  
  29  6:43  Marine  
  29  6:45  SCV  
  29  6:46  SCV  
  33  6:52  Marine x2  
  35  6:57  SCV  
  35  7:00  SCV  
  37  7:03  Marine  
  37  7:04  Marine  
  39  7:09  SCV  
  39  7:12  SCV  
  41  7:21  SCV  
  40  7:24  Marine x2  
  40  7:29  SCV  
  43  7:30  Widow Mine  
  43  7:32  Marine  
  43  7:33  Marine x2  
  43  7:37  SCV  
  48  7:41  SCV  
  49  7:44  Marine x2  
  49  7:49  SCV  
  49  7:50  Marine  
  53  7:55  Marine x2  
  53  7:57  SCV  
  56  8:01  SCV  
  56  8:02  Marine  
  56  8:04  Marine  
  59  8:11  SCV  
  60  8:13  SCV  
  60  8:14  Marine x2  
  60  8:15  Marine  
  64  8:23  SCV  
  64  8:25  SCV  
  66  8:32  Marine x2  
  61  8:34  Medivac  
  61  8:35  SCV  
  61  8:37  SCV  
  65  8:43  Marine x2  
  65  8:44  Marine  
  65  8:47  SCV  
  69  8:50  Marine x2  
  69  8:52  SCV  
  72  9:01  Marine x3  
  70  9:03  SCV  
  70  9:08  Marine x2, Medivac  
  75  9:14  Widow Mine  
  77  9:17  SCV  
  78  9:30  Command Center  
  78  9:36  Supply Depot  
  78  9:43  Widow Mine  
  78  9:46  Armory  
  78  9:49  Marine  
  78  9:50  SCV  
  78  9:57  Marine x4  
  78  9:58  SCV  
  83  10:01  Medivac  
  83  10:02  SCV  
  77  10:07  Marine  
  77  10:09  Liberator  
  77  10:10  SCV  
  72  10:14  SCV  
  72  10:15  Marine x4  
  67  10:25  Marine  
  67  10:26  Widow Mine  
  73  10:33  Marine x2, Barracks  
  73  10:34  SCV x2  
  73  10:35  Barracks  
  76  10:48  Marine x2  
  76  10:49  SCV  
  80  10:50  SCV  
  80  10:56  Marine x2  
  80  10:57  Marine  
  80  11:02  SCV  
  80  11:03  SCV  
  76  11:06  Marine x2  
  75  11:14  SCV, Marine x2  
  75  11:15  SCV  
  75  11:16  Supply Depot  
  79  11:21  Barracks Tech Lab  
  79  11:22  Barracks Reactor  
  79  11:24  Orbital Command  
  79  11:26  SCV  
  79  11:28  SCV  
  81  11:34  Marine  
  81  11:38  SCV  
  83  11:40  SCV  
Show
View Real Time Build Order
Export as new Build Order

imratchetkqt Zerg 

Build Orders: Hatch First 

Get SALT Encoding   

  12  0:04  Drone  
  13  0:13  Drone  
  14  0:27  Overlord  
  14  0:29  Extractor  
  14  0:30  Drone  
  14  0:31  Extractor, Drone  
  16  0:45  Drone  
  18  0:50  Drone  
  18  1:02  Hatchery  
  17  1:13  Extractor  
  16  1:21  Spawning Pool  
  15  1:30  Drone x3  
  18  1:48  Drone  
  19  1:55  Drone  
  20  2:05  Overlord  
  20  2:13  Metabolic Boost  
  20  2:14  Queen  
  22  2:19  Queen  
  22  2:22  Drone  
  25  2:23  Drone  
  25  2:26  Zergling x4  
  28  2:33  Extractor  
  28  2:42  Zergling x2  
  28  2:46  Drone  
  28  2:55  Drone x2  
  30  2:59  Drone  
  30  3:00  Drone  
  30  3:02  Pneumatized Carapace  
  32  3:12  Overlord  
  32  3:13  Overlord  
  32  3:32  Drone x2  
  34  3:34  Baneling Nest, Drone  
  34  3:36  Hatchery  
  34  3:38  Drone  
  34  3:42  Drone  
  34  3:44  Drone  
  34  3:46  Drone  
  36  3:52  Spine Crawler  
  34  3:57  Zergling x4  
  34  3:58  Zergling x2  
  34  4:02  Zergling x4  
  39  4:05  Zergling x2  
  39  4:07  Zergling x2  
  41  4:10  Zergling x2  
  41  4:11  Zergling x2  
  42  4:24  Evolution Chamber  
  42  4:26  Zergling x10  
  46  4:36  Zergling x2  
  46  4:37  Zergling x4  
  49  4:45  Zergling x6  
  52  4:48  Baneling x3  
  52  4:49  Baneling  
  52  4:57  Zergling x4  
  54  5:04  Zergling x4  
  56  5:10  Zergling x4  
  56  5:12  Overlord  
  58  5:18  Overlord  
  51  5:45  Zergling x4  
  51  5:46  Zergling x8  
  50  5:53  Queen  
  49  5:59  Zergling x4, Roach Warren  
  50  6:06  Zergling x2  
  50  6:08  Zerg Melee Weapons Level 1  
  50  6:11  Evolution Chamber  
  50  6:12  Drone  
  50  6:24  Zergling x4  
  41  6:28  Zergling x12  
  41  6:30  Zergling x2  
  41  6:31  Zergling x2  
  49  6:35  Baneling  
  49  6:36  Baneling  
  49  6:38  Baneling x2  
  49  6:46  Extractor  
  49  6:47  Drone x2  
  50  7:03  Lair  
  50  7:05  Drone x5  
  42  7:26  Overlord x2  
  42  7:27  Overlord  
  42  7:36  Overlord  
  42  7:40  Overlord, Baneling x4  
  42  7:41  Overlord  
  41  7:47  Roach x2  
  41  7:49  Roach x2  
  49  7:55  Roach x4  
  57  7:59  Drone  
  57  8:00  Extractor, Drone x2  
  57  8:01  Zergling x10  
  57  8:02  Zergling x4  
  66  8:15  Roach x3  
  66  8:17  Drone x2  
  74  8:27  Extractor  
  74  8:33  Roach  
  74  8:34  Roach x3  
  72  8:36  Zergling x6  
  72  8:38  Roach  
  69  8:42  Zergling x8  
  69  8:47  Roach  
  73  8:51  Glial Reconstitution  
  66  9:04  Roach  
  66  9:05  Overlord x2  
  68  9:17  Overlord x2  
  68  9:23  Ravager  
  68  9:24  Ravager x2  
  71  9:28  Ravager  
  72  9:38  Zergling x14  
  79  9:52  Roach x6  
  90  10:06  Zergling x6  
  90  10:07  Zergling x4  
  68  10:21  Roach x2  
  63  10:39  Drone x2  
  63  10:42  Hatchery  
  64  10:49  Ravager  
  65  10:50  Ravager  
  51  11:10  Drone x3  
  51  11:11  Drone x4  
  38  11:24  Zergling x4  
  38  11:25  Zergling x4  
  46  11:43  Spore Crawler  
Tags
 
Add a new tag
Caveats
  • Supply blocks, unpowered buildings, or Contaminate may cause inaccurate times.
  • Supply counts are checked every 10 seconds.